 Dungeon Crawl Stone Soup version 0.29.0-11-gd7f09526c8 (webtiles) character file.

Game seed: 2789192076123853939

28330 Monkooky the Brawler (level 13, -1/119 (122) HPs)
             Began as a Ghoul Enchanter on Sept 4, 2022.
             Was a High Priest of Ru.
             Slain by a large slime creature (32 damage)
             ... on level 12 of the Dungeon.
             The game lasted 00:37:36 (24470 turns).

Monkooky the Brawler (Ghoul Enchanter)             Turns: 24470, Time: 00:37:36

HP:   -1/119 (122)  AC: 16    Str: 17    XL:     13   Next: 38%
MP:   14/14         EV:  8    Int: 10    God:    Ru [*****.]
Gold: 648           SH:  0    Dex:  9    Spells: 15/15 levels left

rFire   . . .      SeeInvis +     - Unarmed
rCold   + . .      Faith    +   (shield unavailable)
rNeg    + + +      Spirit   .   t - +1 chain mail of Generosity {rN+ SInv}
rPois   ∞          Reflect  .   (no helmet)
rElec   .          Harm     .   F - +0 cloak
rCorr   .          Rampage  .   (no gloves)
Will    .....                   (no boots)
Stlth   ..........              c - amulet of faith
HPRegen 0.00/turn               (ring unavailable)
MPRegen 0.14/turn               Y - +4 ring of protection

@: inhibited regen, lightly drained
A: claws 1, cold resistance 1, negative energy resistance 3, inhibited
regeneration, torment resistance 2, missing a hand, no conjurations magic, no
fire magic, no hexes magic, disrupted magic 1, missing an eye, devour on kill
a: Renounce Religion, Draw Out Power, Power Leap, Apocalypse


You were on level 12 of the Dungeon.
You worshipped Ru.
Ru was extremely pleased with you.
You visited 3 branches of the dungeon, and saw 17 of its levels.

You collected 788 gold pieces.
You spent 140 gold pieces at shops.

Inventory:

Hand Weapons
 a - a +1 dagger
Missiles
 i - 9 javelins
 q - 16 poisoned darts (quivered)
 w - 2 silver boomerangs
 O - a throwing net
Armour
 t - the +1 chain mail of Generosity (worn) {rN+ SInv}
   (You found it on level 5 of the Dungeon)

   rN:        It protects you from negative energy.
   SInv:      It lets you see invisible.
 F - a +0 cloak (worn)
 W - a +1 pair of gloves
Jewellery
 c - an amulet of faith (around neck)
 h - a +4 ring of evasion
 Y - a +4 ring of protection (right claw)
Wands
 m - a wand of digging (6)
 s - a wand of polymorph (7)
 G - a wand of paralysis (7)
 I - a wand of acid (8)
 K - a wand of mindburst (7)
 N - a wand of roots (6)
 R - a wand of flame (9)
Scrolls
 d - 9 scrolls of teleportation
 e - 6 scrolls of amnesia
 j - a scroll of poison
 n - 2 scrolls of blinking
 p - 2 scrolls of vulnerability
 u - a scroll of silence
 v - a scroll of magic mapping
 y - a scroll of enchant armour
 A - a scroll of brand weapon
 B - 4 scrolls of enchant weapon
 H - 5 scrolls of fog
 J - a scroll of noise
 S - a scroll of immolation
 T - a scroll of summoning
 X - 2 scrolls of fear {unknown}
Potions
 b - a potion of magic {unknown}
 f - a potion of ambrosia
 g - 12 potions of curing
 k - 4 potions of lignification {unknown}
 l - 4 potions of heal wounds {unknown}
 o - 2 potions of flight
 r - 3 potions of resistance {unknown}
 z - 5 potions of haste
 C - 3 potions of might
 D - a potion of brilliance {unknown}
 E - 4 potions of attraction {unknown}
 L - a potion of degeneration {unknown}
 M - a potion of cancellation {unknown}
 P - a potion of mutation {unknown}
 U - 2 potions of experience {unknown}
 V - a potion of invisibility


   Skills:
 - Level 13.0 Fighting
 - Level 0.8 Short Blades
 - Level 7.1 Armour
 - Level 5.0 Dodging
 - Level 3.2 Stealth
 - Level 15.4 Unarmed Combat
 - Level 1.7 Spellcasting
 + Level 7.6 Evocations


You had 15 spell levels left.
You didn't know any spells.
Your spell library contained the following spells:

 Spells                   Type           Power      Damage    Failure   Level
 Necrotise                Necr           0%         1d4       99%         1
 Sandblast                Erth           0%         2d4       99%         1
 Sting                    Tmut/Pois      0%         1d3       99%         1
 Passwall                 Tmut/Erth      0%         N/A       100%        2
 Poisonous Vapours        Pois/Air       0%         N/A       100%        2
 Animate Armour           Summ/Erth      0%         N/A       100%        4
 Animate Dead             Necr           0%         N/A       100%        4
 Olgreb's Toxic Radiance  Pois           0%         N/A       100%        4
 Summon Forest            Summ/Tloc      0%         N/A       100%        5
 Summon Cactus Giant      Summ           0%         N/A       100%        6
 Haunt                    Necr/Summ      0%         N/A       100%        7
 Ozocubu's Refrigeration  Ice            0%         4d7       100%        7
 Infestation              Necr           0%         N/A       100%        8
 Foxfire                  Conj/Fire      Unusable   2x1d4     N/A         1
 Ensorcelled Hibernation  Hex/Ice        Unusable   N/A       N/A         2
 Confusing Touch          Hex            Unusable   N/A       N/A         3
 Conjure Flame            Conj/Fire      Unusable   6-21      N/A         3
 Dazzling Flash           Conj/Hex       Unusable   N/A       N/A         3
 Inner Flame              Hex/Fire       Unusable   N/A       N/A         3
 Stone Arrow              Conj/Erth      Unusable   3d7       N/A         3
 Tukima's Dance           Hex            Unusable   N/A       N/A         3
 Flame Wave               Conj/Fire      Unusable   2d4       N/A         4
 Summon Mana Viper        Hex/Summ       Unusable   N/A       N/A         5
 Ignition                 Fire           Unusable   3d3       N/A         8
 Lehudib's Crystal Spear  Conj/Erth      Unusable   10d2      N/A         8

Dungeon Overview and Level Annotations

Branches:
Dungeon (12/15)            Temple (1/1) D:4            Lair (4/5) D:11
  Swamp (0/4) Lair:3       Spider (0/4) Lair:2
  Slime: Lair:4-5       Orc: D:9-12

Altars:
Ashenzari
Cheibriados
Dithmenos
Fedhas
Gozag
Hepliaklqana
Kikubaaqudgha
Makhleb
Nemelex Xobeh
Okawaru
Qazlal
Ru
Sif Muna
Trog
Uskayaw
Vehumet
Wu Jian
Xom
Yredelemnul

Shops:
D:6 !   D:8 *   D:12 ?

Annotations:
D:3 exclusion: 2 downstairs
D:4 exclusion: door
D:12 3 transporters, Psyche
Lair:2 1 runed translucent door, slitherrr's ghost, journeyman DjHW
Lair:3 exclusion: downstairs


Innate Abilities, Weirdness & Mutations

You are immune to poison.
You have sharp fingernails.
Your flesh is cold resistant. (rC+)
You are immune to negative energy. (rN+++)
You do not regenerate when monsters are visible.
You are immune to unholy pain and torment.
You are missing a hand.
You cannot study or cast Conjurations magic.
You cannot study or cast Fire magic.
You cannot study or cast Hexes magic.
Your casting is slightly disrupted.
You are missing an eye, making it more difficult to aim.
You thrive by killing the living.


Message History

The very large slime creature hits you!
You mangle the very large slime creature!!
The very large slime creature is heavily wounded.
The goblin zombie hits you but does no damage.
The very large slime creature hits you.
You scratch the very large slime creature.
The very large slime creature is heavily wounded.
The goblin zombie hits you but does no damage.
You closely miss the very large slime creature.
The very large slime creature is heavily wounded.
The very large slime creature hits you!!
You scratch the very large slime creature.
The very large slime creature is heavily wounded.
The very large slime creature hits you but does no damage.
The goblin zombie barely misses you.
You claw the very large slime creature!
The very large slime creature is heavily wounded.
You claw the very large slime creature!
The very large slime creature is heavily wounded.
The very large slime creature hits you! The goblin zombie barely misses you.
You closely miss the very large slime creature.
The very large slime creature is heavily wounded.
A very large slime creature splits.
You scratch the large slime creature.
The large slime creature is heavily wounded.
The goblin zombie closely misses you.
The large slime creature hits you but does no damage.
You closely miss the slime creature.
The slime creature is heavily wounded.
The slime creature closely misses you.
You scratch the slime creature but do no damage.
The slime creature is heavily wounded.
The large slime creature hits you!!
* * * LOW HITPOINT WARNING * * *
The goblin zombie hits you but does no damage.
The slime creature closely misses you.
You mangle the slime creature!!
The slime creature is almost dead.
The large slime creature hits you!!
You die...

..................#
..................##
.................. #
.###.##...........#.
#..)........######.#.#
....##.##.### #†....
#......###.# ##.#.#
####...#@YY# #.....
#.@J#.###YY# ##.#.#
#.Z#J#### .Y##.....
#..##.# ###.#.# #.#
... ...... #. #....
##.#># # #.$..# .....
#....# .#.# #..... #..
##....# #.


You could see a large slime creature, a slime creature, Psyche, 2 yaks and a
goblin zombie.

Vanquished Creatures
  Gastronok (Lair:3)
  Josephine (D:11)
  Erolcha (D:11)
  6 hydras
  A boulder beetle (D:11)
  A two-headed ogre (D:11)
  4 death yaks
  Urug (D:11)
  A swamp dragon (Lair:3)
  2 cyclopes
  An ugly thing (D:10)
  A manticore (D:11)
  Joseph (D:7)
  2 black mambas
  9 cane toads
  A kobold demonologist (D:11)
  A rime drake (Lair:2)
  7 komodo dragons
  2 trolls (D:9)
  Prince Ribbit (D:6)
  Sigmund (D:4)
  A jumping spider (Lair:2)
  A culicivora (Lair:2)
  A vampire (D:10)
  2 shadows (D:10)
  3 wyverns
  6 wraiths
  5 yaks
  3 steam dragons
  2 vampire mosquitoes (D:11)
  2 swamp worms (Lair:3)
  9 water moccasins
  2 ice beasts (D:8)
  3 orc warriors
  2 sky beasts (D:7)
  4 ogres
  4 wolves
  2 centaurs
  2 phantoms (D:5)
  A kobold brigand (D:10)
  2 gnoll sergeants
  7 bullfrogs
  3 scorpions
  17 killer bees
  An electric eel (D:7)
  7 howler monkeys
  3 crimson imps (D:5)
  A jelly (D:4)
  2 gnoll boudas
  6 orc priests
  6 hounds
  3 iguanas
  7 orc wizards
  18 gnolls
  11 adders
  3 white imps
  2 worms
  2 dart slugs
  19 orcs
  5 bats
  11 endoplasms
  8 giant cockroaches
  5 hobgoblins
  A jackal (D:6)
  12 kobolds
  9 quokkas
  8 ball pythons
  5 frilled lizards
  8 goblins
  4 rats
297 creatures vanquished.

Vanquished Creatures (others)
  A death yak (Lair:3)
  A two-headed ogre (D:11)
  A troll (D:10)
  A black bear (D:6)
  A gnoll (D:8)
  10 fungi
  28 plants
43 creatures vanquished.

Grand Total: 340 creatures vanquished

Notes
Turn   | Place    | Note
-------+----------+-------------------------------------------
     0 | D:1      | Monkooky the Ghoul Enchanter began the quest for the Orb.
     0 | D:1      | Reached XP level 1. HP: 14/14 MP: 2/2
   202 | D:1      | Reached skill level 1 in Unarmed Combat
   213 | D:1      | Reached XP level 2. HP: 10/20 MP: 3/3
   227 | D:1      | Reached skill level 2 in Unarmed Combat
   891 | D:1      | Reached XP level 3. HP: 26/26 MP: 4/4
  1007 | D:1      | Reached skill level 3 in Unarmed Combat
  1847 | D:2      | Reached XP level 4. HP: 33/33 MP: 5/5
  2073 | D:2      | Reached skill level 4 in Unarmed Combat
  3527 | D:3      | Found a hide-covered altar of Uskayaw.
  3679 | D:3      | Found a faded altar of an unknown god.
  3898 | D:4      | Noticed an ogre
  3900 | D:4      | Noticed a scorpion
  3984 | D:4      | Reached skill level 5 in Unarmed Combat
  3984 | D:4      | Reached XP level 5. HP: 38/38 MP: 6/6
  4426 | D:4      | Noticed Sigmund
  4443 | D:4      | Killed Sigmund
  4444 | D:4      | Reached skill level 7 in Unarmed Combat
  4444 | D:4      | Reached XP level 6. HP: 30/45 MP: 7/7
  4544 | D:4      | You fall into a shaft and drop 1 floor!
  4544 | D:5      | Entered Level 5 of the Dungeon
  4646 | D:4      | Found a radiant altar of Vehumet.
  4650 | D:4      | Reached skill level 1 in Fighting
  4653 | D:4      | Found an ancient bone altar of Kikubaaqudgha.
  4661 | D:4      | Got Kikubaaqudgha's Spellbook of Maleficent Deeds
  4707 | D:4      | Found a shimmering blue altar of Sif Muna.
  4719 | D:4      | Reached XP level 7. HP: 46/55 MP: 8/8
  5101 | D:4      | Noticed a two-headed ogre
  5163 | D:4      | Found a staircase to the Ecumenical Temple.
  5172 | Temple   | Entered the Ecumenical Temple
  5406 | Temple   | Became a worshipper of Ru the Awakened
  5975 | D:5      | Reached skill level 5 in Fighting
  5979 | D:5      | Identified the +1 chain mail of Generosity {rN+ SInv}
  6210 | D:5      | Found a bloodstained altar of Trog.
  6460 | D:5      | Reached XP level 8. HP: 64/70 MP: 9/9
  6572 | D:5      | Found an iron altar of Okawaru.
  6765 | D:5      | Found a shimmering altar of Xom.
  6811 | D:5      | Reached skill level 8 in Unarmed Combat
  7455 | D:6      | Gained mutation: You are missing a hand. [Ru sacrifice]
  7455 | D:6      | Reached * piety under Ru
  7455 | D:6      | Reached ** piety under Ru
  7659 | D:5      | Noticed a wyvern
  7659 | D:5      | an orc warrior changed into a wyvern
  7662 | D:5      | Killed a wyvern
  7663 | D:5      | Reached skill level 9 in Unarmed Combat
  7983 | D:6      | Found a sparkling altar of Nemelex Xobeh.
  8042 | D:6      | Noticed Prince Ribbit
  8043 | D:6      | Found Vuxzulel's Distillery.
  8161 | D:6      | Killed Prince Ribbit
  8162 | D:6      | Reached skill level 10 in Unarmed Combat
  8162 | D:6      | Reached XP level 9. HP: 40/75 MP: 10/10
  8372 | D:6      | Bought a potion of might for 40 gold pieces
  8372 | D:6      | Bought a potion of haste for 100 gold pieces
  8677 | D:6      | Reached skill level 11 in Unarmed Combat
  9367 | D:7      | Reached skill level 12 in Unarmed Combat
 10482 | D:7      | Gained mutation: You are missing an eye, making it more
                  | difficult to aim. [Ru sacrifice]
 10482 | D:7      | Reached *** piety under Ru
 10482 | D:7      | Reached **** piety under Ru
 10506 | D:7      | Reached skill level 13 in Unarmed Combat
 10797 | D:7      | Noticed Joseph
 10812 | D:7      | Killed Joseph
 10813 | D:7      | Reached XP level 10. HP: 39/86 MP: 5/11
 11477 | D:8      | Reached skill level 1 in Evocations
 11934 | D:8      | Found Ydodd's Serpentskin Sales.
 12047 | D:8      | Gained mutation: You cannot study or cast Fire magic. [Ru
                  | sacrifice]
 12047 | D:8      | Gained mutation: You cannot study or cast Hexes magic. [Ru
                  | sacrifice]
 12047 | D:8      | Gained mutation: You cannot study or cast Conjurations
                  | magic. [Ru sacrifice]
 12047 | D:8      | Reached ***** piety under Ru
 12667 | D:9      | Found a hazy altar of Hepliaklqana.
 12679 | D:9      | Reached skill level 5 in Evocations
 13156 | D:9      | HP: 2/82 [troll (7)]
 14015 | D:9      | Reached skill level 1 in Armour
 14253 | D:10     | Entered Level 10 of the Dungeon
 14861 | D:10     | Noticed a white ugly thing
 14897 | D:10     | Killed a white ugly thing
 14898 | D:10     | Reached XP level 11. HP: 79/88 MP: 3/12
 15028 | D:10     | Reached skill level 5 in Armour
 15451 | D:11     | Noticed an eight-headed hydra
 15506 | D:11     | Killed an eight-headed hydra
 15579 | D:11     | Noticed a two-headed ogre
 15579 | D:11     | Noticed Erolcha
 15586 | D:11     | Killed a two-headed ogre
 15587 | D:11     | Noticed a manticore
 15589 | D:11     | Killed Erolcha
 16116 | D:11     | Killed a manticore
 16117 | D:11     | Reached skill level 10 in Fighting
 16117 | D:11     | Noticed Urug
 16478 | D:11     | Killed Urug
 16765 | D:11     | Noticed Josephine
 17017 | D:11     | Killed Josephine
 17298 | D:11     | Noticed a boulder beetle
 17327 | D:11     | Killed a boulder beetle
 17751 | D:11     | Noticed a two-headed ogre
 17760 | D:11     | Killed a two-headed ogre
 17883 | D:11     | Noticed a cyclops
 17894 | D:11     | Killed a cyclops
 17895 | D:11     | Reached XP level 12. HP: 61/112 MP: 13/13
 18099 | D:11     | Found a staircase to the Lair.
 18205 | Lair:1   | Entered Level 1 of the Lair of Beasts
 19717 | Lair:2   | Found a hole to the Spider Nest.
 19833 | Lair:2   | Reached skill level 14 in Unarmed Combat
 19971 | Lair:2   | Noticed a six-headed hydra
 19984 | Lair:2   | Killed a six-headed hydra
 20485 | Lair:2   | Found a runed translucent door.
 20553 | Lair:2   | Noticed slitherrr's ghost (journeyman DjHW)
 20860 | Lair:3   | Gained mutation: Your casting is slightly disrupted. [Ru
                  | sacrifice]
 20937 | Lair:3   | Noticed Gastronok
 20946 | Lair:2   | Reached skill level 15 in Unarmed Combat
 21459 | Lair:3   | Noticed a death yak
 21459 | Lair:3   | Noticed a death yak
 21478 | Lair:3   | Noticed a death yak
 21486 | Lair:3   | Killed a death yak
 21490 | Lair:3   | Noticed a death yak
 21653 | Lair:2   | Killed a death yak
 21829 | Lair:3   | Noticed a death yak
 21845 | Lair:2   | Killed a death yak
 22039 | Lair:3   | Killed a death yak
 22039 | Lair:3   | Killed a death yak
 22204 | Lair:3   | Killed Gastronok
 22205 | Lair:3   | Reached XP level 13. HP: 87/116 MP: 5/14
 22615 | Lair:3   | Reached skill level 5 in Dodging
 23004 | Lair:3   | Found a staircase to the Swamp.
 23878 | D:12     | Found a transporter.
 23883 | D:12     | Found a transporter.
 23885 | D:12     | Found a transporter.
 24445 | D:12     | Found Ahifiss's Magic Scroll Shop.
 24445 | D:12     | Noticed Psyche
 24470 | D:12     | Slain by a large slime creature

Illustrated notes

Levels and vault maps discovered:
D:1:      evilmike_arrival_fibonacci_small, layout_basic
D:2:      layout_loops_ring, hangedman_decor_growths, bh_walls_and_bars
D:3:      layout_loops_ring, mainiacjoe_overflow_alcove_2,
          dreamdust_ecumenical_altar_hidden_monk_grotto, minivault_25,
          chequers_serial_rivers_micro_e
D:4:      cheibrodos_barr_body, layout_loops_ring, palyth_temple_overflow_mages,
          lemuel_temple_firewalk_b, dreamdust_princess_corridor, uniq_sigmund
D:5:      layout_loops_ring, led_xom_imps, mainiacjoe_overflow_24_doors,
          mainiacjoe_overflow_six_doors_small
D:6:      layout_cave_pools, mainiacjoe_overflow_alcove_1, serial_gnoll_camp,
          gnoll_camp_mini_loothouse, gnoll_camp_mini_house,
          gnoll_camp_mini_shop, gnoll_camp_mini_house, gnoll_camp_mini_doghouse,
          kennysheep_generic_room_10, uniq_prince_ribbit1
D:7:      layout_layer_cave, minivault_4, uniq_joseph
D:8:      layout_loops_cross, mainiacjoe_overflow_alcove_4, st_stairs_2,
          guppyfry_shop_venom
D:9:      layout_irregular_city, mainiacjoe_overflow_surrounded_room,
          serial_co_window_serial, co_window_corner_a, co_window_paths_a,
          co_window_of_opportunity_a, co_window_of_opportunity_a,
          co_window_of_opportunity_a, co_window_broadway_a,
          co_window_of_opportunity_b, co_window_cross_2, co_window_broadway_c,
          co_window_4corner_b, glass_columns_b, glass_columns_b,
          glass_columns_a, glass_columns_c, glass_columns_b
D:10:     layout_irregular_city, elyvilon_altar_3, moated_statue, eino_jars
D:11:     layout_big_octagon, lair_entry_dummy, serial_column_ruins,
          column_ruins_open_tiny, column_ruins_grid_3, column_ruins_open_small,
          column_ruins_open_small_water, column_ruins_columns_water,
          column_ruins_open_tiny, column_ruins_open_medium, uniq_josephine,
          uniq_urug, uniq_erolcha
D:12:     layout_rooms, zombieorc2_lemuel, serial_shops,
          nicolae_shop_window_shopping, shop_fountains, shop, st_stairs_10,
          corexii_hall_statues_s, nicolae_transporter_circle, uniq_psyche
Temple:   nicolae_temple_bog_church
Lair:1:   layout_small_grid, grunt_megastairs_2
Lair:2:   layout_small_grid, spider_nest_entry_funnel_web,
          ebering_ghost_reflecting_pool
Lair:3:   layout_chaotic_city, palyth_hydra_swamp_entry, hibernation_bobbens,
          grunt_megastairs_1, uniq_gastronok
Lair:4:   layout_cave_shapes, grunt_megastairs_3

Skill      XL: |  1  2  3  4  5  6  7  8  9 10 11 12 13 |
---------------+----------------------------------------+-----
Unarmed Combat | 1 2 3 5 7 10 13 15 | 15.4
Fighting       | 2 6 7 12 13 | 13.0
Evocations     | 6 7 |  7.6
Hexes          | 0 |  0.0
Armour         | 4 5 6 7 |  7.1
Dodging        | 4 5 |  5.0
Short Blades   | |  0.8
Stealth        | |  3.2
Spellcasting   | |  1.7

Action                   |  1- 3 |  4- 6 |  7- 9 | 10-12 | 13-15 || total
-------------------------+-------+-------+-------+-------+-------++-------
Melee: Dagger            |    36 |    11 |       |       |       ||    47
       Unarmed           |    77 |   146 |   399 |   621 |   123 ||  1366
       Punch             |     4 |     4 |     6 |       |       ||    14
Throw: Dart              |    23 |    15 |    20 |    14 |       ||    72
       Javelin           |       |     7 |       |       |       ||     7
Invok: Sacrifice a Hand  |       |       |     1 |       |       ||     1
       Power Leap        |       |       |     1 |     2 |       ||     3
       Sacrifice an Eye  |       |       |     1 |       |       ||     1
       Draw Out Power    |       |       |       |     2 |       ||     2
       Apocalypse        |       |       |       |    11 |     2 ||    13
       Sacrifice Arcana  |       |       |       |     1 |       ||     1
       Reject Sacrifices |       |       |       |     1 |       ||     1
       Sacrifice Essence |       |       |       |     1 |       ||     1
Evoke: Wand              |       |       |     3 |    10 |     2 ||    15
  Use: Potion            |     1 |     2 |     1 |     1 |       ||     5
       Scroll            |       |       |     8 |     6 |     2 ||    16
 Stab: Invisible         |     2 |       |     2 |     5 |       ||     9
       Sleeping          |     7 |     5 |     1 |       |       ||    13
       Distracted        |     1 |       |       |     7 |       ||     8
       Paralysed         |       |       |       |     5 |     2 ||     7
Armor: Robe              |    20 |    19 |     7 |       |       ||    46
       Chain mail        |       |       |   121 |   233 |    47 ||   401
Dodge: Dodged            |    58 |    78 |   135 |   292 |    37 ||   600
